 Dungeon Crawl Stone Soup version 0.29-a0-866-g0545e20025 (webtiles) character file.

Game seed: 6052849209095665187

933 Ajdolov the Slasher (level 8, -7/39 HPs)
             Began as a Vine Stalker Fighter on July 17, 2022.
             Mangled by a two-headed ogre
             ... wielding a +0 giant club
              (22 damage)
             ... on level 5 of the Dungeon.
             The game lasted 00:08:52 (3909 turns).

Ajdolov the Slasher (Vine Stalker Fighter)          Turns: 3909, Time: 00:08:53

Health: -7/39      AC:  7    Str: 20    XL:     8   Next: 11%
Magic:  0/9        EV:  9    Int:  8    God:
Gold:   243        SH:  5    Dex: 19    Spells: 7/7 levels left

rFire   . . .      SeeInvis .   s - +4 whip of Husaykiu {elec, rPois rCorr Dex+4}
rCold   . . .      Faith    .   c - +0 buckler
rNeg    . . .      Spirit   +   b - +0 scale mail
rPois   +          Reflect  .   (no helmet)
rElec   .          Harm     .   y - +0 cloak
rCorr   +          Rampage  .   (no gloves)
Will    ++...                   (no boots)
Stlth   ++........              (no amulet)
HPRegen 0.93/turn               j - ring of resist corrosion
MPRegen 0.11/turn               m - ring of willpower

@: no status effects
A: fangs 3, regeneration 1, magic shield, antimagic bite, no potion heal 2
a: no special abilities


You were on level 5 of the Dungeon.
You visited 2 branches of the dungeon, and saw 6 of its levels.
You also visited: Ossuary.

You collected 404 gold pieces.
You spent 161 gold pieces at shops.

Inventory:

Hand Weapons
 a - a +2 demon whip of flaming
 s - the +4 whip of Husaykiu (weapon) {elec, rPois rCorr Dex+4}
   (You found it on level 4 of the Dungeon)

   It occasionally discharges a powerful burst of electricity upon striking a
   foe.
   Dex:       It affects your dexterity (+4).
   rPois:     It protects you from poison.
   rCorr:     It protects you from acid and corrosion.
Missiles
 B - 3 silver javelins (quivered)
Armour
 b - a +0 scale mail (worn)
 c - a +0 buckler (worn)
 y - a +0 cloak (worn)
Jewellery
 j - a ring of resist corrosion (left hand)
 m - a ring of willpower (right hand)
Scrolls
 g - 3 scrolls of immolation
 h - 2 scrolls of silence
 i - 2 scrolls of fog
 k - 3 scrolls of teleportation {unknown}
 l - a scroll of summoning {unknown}
 o - 2 scrolls of identify
 q - a scroll of poison {unknown}
 r - 2 scrolls of magic mapping
 v - a scroll of enchant armour {unknown}
 w - a scroll of amnesia {unknown}
 x - a scroll of brand weapon {unknown}
Potions
 d - 5 potions of might
 e - a potion of mutation {unknown}
 f - 3 potions of curing {unknown}
 n - a potion of lignification {unknown}
 p - 2 potions of heal wounds {unknown}
 t - 2 potions of berserk rage {unknown}
 u - a potion of brilliance
 z - a potion of degeneration {unknown}
 A - 2 potions of flight {unknown}


   Skills:
 - Level 2.6 Fighting
 - Level 6.2 Long Blades
 * Level 2.8 Maces & Flails
 - Level 2.4 Armour
 - Level 5.8 Stealth
 + Level 3.4 Shields


You had 7 spell levels left.
You didn't know any spells.
Your spell library contained the following spells:

 Spells                   Type           Power      Damage    Failure   Level
 Shock                    Conj/Air       0%         1d3       86%         1
 Blink                    Tloc           0%         N/A       94%         2
 Scorch                   Fire           0%         2d5       94%         2
 Lesser Beckoning         Tloc           0%         N/A       99%         3
 Swiftness                Air            0%         N/A       99%         3
 Airstrike                Air            0%         0-1+      100%        4
 Flame Wave               Conj/Fire      0%         2d4       100%        4
 Freezing Cloud           Conj/Ice/Air   0%         6-21      100%        5
 Manifold Assault         Tloc           0%         N/A       100%        5
 Simulacrum               Ice/Necr       0%         N/A       100%        6
 Summon Cactus Giant      Summ           0%         N/A       100%        6
 Polar Vortex             Ice            0%         N/A       100%        9


Dungeon Overview and Level Annotations

Branches:
Dungeon (5/15)             Temple (1/1) D:4         Ossuary (visited)

Altars:
Ashenzari
Dithmenos
Elyvilon
Fedhas
Hepliaklqana
Kikubaaqudgha
Nemelex Xobeh
Qazlal
Ru
Sif Muna
Trog
Uskayaw
Vehumet
Wu Jian
Xom

Shops:
D:3 ?


Innate Abilities, Weirdness & Mutations

You have razor-sharp teeth.
Your natural rate of healing is unusually fast.
When hurt, damage is shared between your health and your magic reserves.
Your bite disrupts and absorbs the magic of your enemies.
Potions cannot restore your health.


Message History

You hit the howler monkey. You bite the howler monkey! You drain its power.
The howler monkey is severely wounded.
The howler monkey hoots and howls with incredible vigour!
You hear two shouts!
You whack the howler monkey!
Lightning courses through the howler monkey!
You kill the howler monkey!
i - 2 scrolls of fog (gained 1)
A wight comes into view. It is wielding a +4 scimitar.
A wight comes into view. It is wielding a +1 spear.
A wight comes into view. It is wielding a +2 vorpal halberd.
You barely miss the wight. You bite the wight! You drain its power.
The wight is heavily damaged.
You completely miss the wight.
The wight is heavily damaged.
The wight closely misses you.
You barely miss the wight. Your bite misses the wight.
The wight is heavily damaged.
The wight barely misses you.
You closely miss the wight. You bite the wight. You drain its power.
The wight is heavily damaged.
The wight hits you with a +4 scimitar!
You hit the wight. You bite the wight, but do no damage.
The wight is severely damaged.
You block the wight's attack. x2
You hit the wight. You bite the wight, but do no damage.
The wight is almost destroyed.
The wight hits you from afar with a +1 spear.
The wight misses you.
The wight hits you from afar with a +2 vorpal halberd!
You hit the wight.
You destroy the wight!
The wight hits you from afar with a +2 vorpal halberd!
* * * LOW HITPOINT WARNING * * *
x2 The wight hits you but does no damage.
Unknown command.
A two-headed ogre comes into view. It is wielding two +0 giant clubs.
The two-headed ogre hits you with a +0 giant club!!
Ouch! That really hurt!
You die...

#.#.#.#.# #.#.#.#.#
#.#.#.#.#
#.#.#.#.######
..)..>.........
#.#.#.#########
#.#.#..........
#.#.#.###############
#...............@...#
###.#.#########O#..##
#.#.# #.#zz# #.#.#
#.#..# #.#.# #.#..#
#.#.# #.#..# #.#.#
#.#.)# #.#.# #.#..#
#.# #..#


You could see a two-headed ogre and 2 wights.

Vanquished Creatures
  Grinder (D:4)
  Blork the orc (D:4)
  A necrophage (D:5)
  A wight (D:5)
  A howler monkey (D:5)
  2 hounds
  An orc priest (D:4)
  An iguana (D:5)
  An orc wizard (D:5)
  8 mummies (Ossuary)
  8 gnolls
  7 adders
  5 worms
  2 dart slugs (D:1)
  17 orcs
  4 endoplasms
  3 giant cockroaches
  A gnoll zombie (Ossuary)
  9 goblins
  4 hobgoblins
  3 jackals (D:1)
  6 kobolds
  4 quokkas
  4 ball pythons
  10 bats
  3 hobgoblin zombies (Ossuary)
  3 kobold zombies (Ossuary)
  An orc zombie (Ossuary)
  2 rats (D:3)
114 creatures vanquished.

Notes
Turn   | Place    | Note
-------+----------+-------------------------------------------
     0 | D:1      | Ajdolov the Vine Stalker Fighter began the quest for the
                  | Orb.
     0 | D:1      | Reached XP level 1. HP: 11/11 MP: 2/2
    70 | D:1      | Reached skill level 2 in Long Blades
   149 | D:1      | Reached skill level 1 in Stealth
   185 | D:1      | Reached XP level 2. HP: 16/16 MP: 3/3
   569 | D:1      | Found a faded altar of an unknown god.
   627 | D:1      | Reached XP level 3. HP: 19/19 MP: 2/4
   805 | D:2      | Reached skill level 3 in Long Blades
  1035 | D:2      | Found a bloodstained altar of Trog.
  1069 | D:2      | Gained mutation: Your natural rate of healing is unusually
                  | fast. [Vine Stalker growth]
  1069 | D:2      | Reached XP level 4. HP: 10/23 MP: 3/5
  1602 | D:3      | Reached XP level 5. HP: 27/27 MP: 6/6
  1636 | D:3      | Reached skill level 4 in Long Blades
  1936 | D:3      | Found Cyill's Magic Scroll Shop.
  1939 | D:3      | Bought a scroll of identify for 28 gold pieces
  1939 | D:3      | Bought a scroll of magic mapping for 105 gold pieces
  1939 | D:3      | Bought a scroll of identify for 28 gold pieces
  2194 | D:4      | Identified the +4 whip of Husaykiu {elec, rPois rCorr
                  | Dex+4}
  2219 | D:4      | Noticed Blork the orc
  2233 | D:4      | Killed Blork the orc
  2234 | D:4      | Reached XP level 6. HP: 20/32 MP: 7/7
  2252 | D:4      | Found a stormy altar of Qazlal.
  2279 | D:4      | Found a staircase to the Ecumenical Temple.
  2283 | D:4      | Reached skill level 5 in Long Blades
  2287 | Temple   | Entered the Ecumenical Temple
  2596 | D:4      | Noticed Grinder
  2605 | D:4      | Killed Grinder
  2606 | D:4      | Reached skill level 5 in Stealth
  2606 | D:4      | Reached XP level 7. HP: 6/35 MP: 2/8
  2741 | D:4      | Found a sand-covered staircase.
  2746 | Ossuary  | Entered an ossuary
  2778 | Ossuary  | Reached skill level 6 in Long Blades
  3406 | D:5      | Entered Level 5 of the Dungeon
  3469 | D:5      | Reached skill level 1 in Maces & Flails
  3752 | D:5      | Gained mutation: You have razor-sharp teeth. [Vine Stalker
                  | growth]
  3752 | D:5      | Reached XP level 8. HP: 39/39 MP: 9/9
  3909 | D:5      | Noticed a two-headed ogre
  3909 | D:5      | Mangled by a two-headed ogre

Illustrated notes

Levels and vault maps discovered:
D:1:      dpeg_arrival_arbitrary_a, layout_basic, serial_forest,
          infiniplex_forest_clump_long, infiniplex_forest_end_2,
          infiniplex_forest_lined_corner, infiniplex_forest_lined_2,
          infiniplex_forest_pool, infiniplex_forest_lined_2,
          infiniplex_forest_clump_medium, infiniplex_forest_lined_corner,
          hellmonk_ecumenical_altar_leap_of_faith
D:2:      layout_basic, basic_altar, minmay_heptomino_w4
D:3:      layout_basic, serial_shops, nicolae_shop_behind_doors
D:4:      layout_basic, lemuel_doored_altar, minmay_temple_entry_proselytizer,
          enter_ossuary_2, uniq_grinder, uniq_blork_the_orc
D:5:      layout_basic
Temple:   eino_narrow_crystal_temple

Skill      XL: |  1  2  3  4  5  6  7 |
---------------+----------------------+-----
Long Blades    | 2 3 4 5 6 |  6.2
Stealth        | 1 2 3 4 5 |  5.8
Maces & Flails | 2 |  2.8
Shields        | 3 |  3.4
Fighting       | |  2.6
Armour         | |  2.4

Action                   |  1- 3 |  4- 6 |  7- 9 || total
-------------------------+-------+-------+-------++-------
Melee: Long sword        |    65 |   105 |       ||   170
       Bite              |    15 |    36 |    34 ||    85
       Whip              |       |    26 |   114 ||   140
  Use: Scroll            |       |     3 |       ||     3
       Potion            |       |     1 |       ||     1
 Stab: Sleeping          |       |     3 |     3 ||     6
Armor: Scale mail        |    18 |    61 |    42 ||   121
Dodge: Dodged            |    25 |    58 |    40 ||   123
Block: Buckler           |    14 |    37 |    32 ||    83

Table legend: (Time is in decaauts)
 A = Elapsed time spent in this place.
 B = Non-inter-level travel time spent in this place.
 C = Inter-level travel time spent in this place.
 D = Time resting spent in this place.
 E = Time spent auto-exploring this place.
 F = Levels seen in this place.
 G = Mean time per level.
                   A        B        C        D        E       F      G
               +--------+--------+--------+--------+--------+-----+--------+
         Total |   3971 |   3804 |    167 |     29 |   2891 |   7 |  567.3 |
       Dungeon |   3557 |   3401 |    156 |     29 |   2613 |   5 |  711.4 |
        Temple |    177 |    166 |     11 |      0 |    159 |   1 |  177.0 |
       Ossuary |    235 |    235 |      0 |      0 |    119 |   1 |  235.0 |
               +--------+--------+--------+--------+--------+-----+--------+

Top non-repeatable levels by time:
     D:4: 867 daAuts
     D:1: 837 daAuts
     D:2: 793 daAuts
     D:3: 553 daAuts
     D:5: 505 daAuts
 Ossuary: 235 daAuts
  Temple: 177 daAuts
